 Dungeon Crawl Stone Soup version 0.31-a0-167-g1c394c0614 (webtiles) character file.

Game seed: 14640360194594005209

429 qw the Shooter (level 6, -2/39 HPs)
             Began as a Gargoyle Hunter on June 14, 2023.
             Was an Initiate of Okawaru.
             Slain by a water moccasin (9 damage)
             ... on level 5 of the Dungeon.
             The game lasted 00:01:14 (3928 turns).

qw the Shooter (Gargoyle Hunter)                    Turns: 3928, Time: 00:01:15

Health: -2/39      AC: 15    Str: 15    XL:     6   Next: 98%
Magic:  6/6        EV: 11    Int:  9    God:    Okawaru [......]
Gold:   179        SH:  0    Dex: 15    Spells: 5/5 levels left

rFire   . . .        Y - +0 shortbow (chaos)
rCold   . . .        (shield currently unavailable)
rNeg    + . .        h - +0 ring mail
rPois   inf          p - +2 hat
rElec   +            (no cloak)
rCorr   .            (no gloves)
SInv    .            (no boots)
Will    .....        (no amulet)
Stlth   +            i - +4 ring of slaying {mikee}
HPRegen 0.26/turn    k - +4 ring of protection
MPRegen 0.10/turn

%: no passive effects
@: about to teleport
A: sickness immunity, AC +4, negative energy resistance 1, electricity
resistance, torment resistance 1, petrification resistance
a: Renounce Religion


You were on level 5 of the Dungeon.
You worshipped Okawaru.
Okawaru was noncommittal.
You visited 2 branches of the dungeon, and saw 6 of its levels.

You collected 179 gold pieces.


Innate Abilities, Weirdness & Mutations

You are immune to sickness and miasma.
Your stone body is resilient. (AC +4)
You are immune to poison.
You resist negative energy. (rN+)
You are resistant to electric shocks. (rElec)
You are resistant to unholy torment.
You are immune to petrification.


   Skills:
 - Level 4.6 Fighting
 + Level 7.0 Ranged Weapons
 - Level 1.1 Armour
 - Level 1.5 Dodging
 - Level 1.1 Stealth


You had 5 spell levels left.
You didn't know any spells.
Your spell library was empty.

Inventory:

Hand Weapons
 Y - a +0 shortbow of chaos (weapon)
Armour
 h - a +0 ring mail (worn)
 p - a +2 hat (worn)
Jewellery
 i - a +4 ring of slaying (left hand) {mikee}
 k - a +4 ring of protection (right hand)
Scrolls
 g - 2 scrolls of teleportation
 n - a scroll of identify
Potions
 b - a potion of might {unknown}
 c - a potion of haste {unknown}
 d - a potion of cancellation
 e - a potion of lignification
 f - a potion of heal wounds
 j - a potion of degeneration {unknown}
 o - a potion of ambrosia {unknown}

Dungeon Overview and Level Annotations

Branches:
Dungeon (5/15)             Temple (1/1) D:4

Altars:
Ashenzari
Cheibriados
Elyvilon
Fedhas
Gozag
Hepliaklqana
Kikubaaqudgha
Makhleb
Nemelex Xobeh
Okawaru
Qazlal
Ru
Sif Muna
Trog
Uskayaw
Vehumet
Wu Jian
Xom
Yredelemnul
Zin
The Shining One

Annotations:
D:3 2 transporters


Message History

The orc shouts!
You shoot an arrow. The arrow hits the water moccasin.
The water moccasin goes berserk!
The water moccasin is lightly wounded.
You hear a shout!
You shoot an arrow. The arrow misses the water moccasin.
The arrow barely misses the orc.
The water moccasin bites you!
An orc comes into view. It is wielding a +0 dagger.
The water moccasin misses you.
You shoot an arrow.
The arrow barely misses the water moccasin.
The arrow completely misses the orc.
The arrow hits the orc.
The orc is moderately wounded.
The water moccasin barely misses you.
The water moccasin bites you but does no damage.
An orc priest comes into view. It is wielding a +0 dagger.
You shoot an arrow.
The arrow barely misses the water moccasin.
The orc priest shouts!
The arrow hits the orc!
You kill the orc!
Okawaru accepts your kill. The water moccasin bites you.
The water moccasin closely misses you.
The water moccasin bites you but does no damage.
The orc priest calls down the wrath of Beogh upon you.
Beogh smites you!
An orc comes into view. It is wielding a +0 mace.
The orc shouts!
You hear a shout!
Your Ranged Weapons skill increases to level 7!
You shoot an arrow. The arrow misses the water moccasin.
The arrow barely misses the orc.
The arrow hits the orc priest!
The orc priest is severely wounded.
The water moccasin barely misses you. The water moccasin bites you!
An orc wizard comes into view. It is wielding a +0 dagger.
3928 ||| READING 3 scrolls of teleportation.
As you read the scroll of teleportation, it crumbles to dust.
You feel strangely unstable. The water moccasin misses you.
The water moccasin bites you!
You die...

#......# #......#
#......# #.....#
#......# . #.....#
#......# ... #.....#
#......####....
#.....####..............
#.......# #....@S)o..oo
#.......# #..........o.
#.....<.# #............
#....<..####....#######.
..#####....%..###
..#...#....#........
..#...#....#...#####
..#...#....#...#
..#...#....#....#


You could see a water moccasin (berserk), an orc priest, an orc wizard and 2
orcs.

Vanquished Creatures
  An ice beast (D:4)
  A phantom (D:4)
  2 hounds (D:5)
  An iguana (D:5)
  An orc wizard (D:2)
  4 adders
  3 gnolls (D:2)
  2 dart slugs (D:1)
  11 orcs
  6 ball pythons
  8 bats
  6 endoplasms
  4 giant cockroaches (D:4)
  2 goblins
  7 hobgoblins
  2 jackals (D:2)
  6 quokkas
  3 frilled lizards
  4 rats
74 creatures vanquished.

Notes
Turn   | Place    | Note
-------+----------+-------------------------------------------
     0 | D:1      | qw the Gargoyle Hunter began the quest for the Orb.
     0 | D:1      | Reached XP level 1. HP: 12/12 MP: 1/1
     0 | D:1      | 0 ||| qw: Version: 0.2-a-29-g1fa15c8
     0 | D:1      | 0 ||| qw: Game counter: 5013
     0 | D:1      | 0 ||| qw: Always use a shield: true
     0 | D:1      | 0 ||| qw: God list: Okawaru
     0 | D:1      | 0 ||| qw: Allow faded altars: false
     0 | D:1      | 0 ||| qw: Do Orc after D:15 true
     0 | D:1      | 0 ||| qw: Do second Lair branch before Depths: true
     0 | D:1      | 0 ||| qw: Lair rune preference: random
     0 | D:1      | 0 ||| qw: Plans: Normal, Zot:1-4, Slime:5, God:TSO, Crypt,
                  | Tomb, Abyss, Pan, Hells, Win
     0 | D:1      | 0 ||| PLANNING D:1-11
   122 | D:1      | Reached XP level 2. HP: 17/17 MP: 2/2
   776 | D:1      | Reached XP level 3. HP: 21/21 MP: 3/3
   908 | D:1      | 908 ||| UPGRADING to +0 ring mail.
   918 | D:1      | 918 ||| DROPPING +0 leather armour.
   919 | D:1      | 919 ||| UPGRADING to +4 ring of slaying {mikee}.
   920 | D:1      | 920 ||| READING scroll labelled NUIF NACAU.
   921 | D:1      | 921 ||| READING scroll labelled XEAGUA XUIBBO.
   922 | D:1      | 922 ||| READING 3 scrolls labelled BIRUNWALLO.
   927 | D:1      | 927 ||| DROPPING scroll of butterflies.
  1056 | D:2      | Reached skill level 1 in Armour
  1064 | D:2      | Reached skill level 5 in Ranged Weapons
  1067 | D:2      | Reached XP level 4. HP: 20/27 MP: 4/4
  1192 | D:2      | Reached skill level 3 in Fighting
  1556 | D:2      | 1556 ||| UPGRADING to +1 hat.
  1574 | D:3      | 1574 ||| STAIRDANCE
  1593 | D:3      | 1593 ||| STAIRDANCE
  1680 | D:3      | 1680 ||| STAIRDANCE
  1685 | D:2      | HP: 6/28 [something/magic dart (9)]
  1687 | D:2      | Reached XP level 5. HP: 7/32 MP: 5/5
  1874 | D:3      | Found a hazy altar of Hepliaklqana.
  1884 | D:3      | Found a white marble altar of Elyvilon.
  2171 | D:3      | Found a shimmering altar of Xom.
  2301 | D:3      | Found a transporter.
  2329 | D:3      | Found a transporter.
  2500 | D:3      | 2500 ||| UPGRADING to +4 ring of protection.
  2501 | D:3      | 2501 ||| READING scroll labelled BAKKAM WYPT.
  2502 | D:3      | 2502 ||| READING scroll labelled WOGEGU CYLEL.
  2521 | D:4      | 2521 ||| PLANNING SEWER
  2555 | D:4      | Noticed an ice beast
  2567 | D:4      | HP: 2/32 [ice beast (13)]
  2568 | D:4      | 2568 ||| READING 4 scrolls of teleportation.
  2570 | D:4      | Killed an ice beast
  2571 | D:4      | Reached skill level 6 in Ranged Weapons
  2571 | D:4      | Reached XP level 6. HP: 3/37 MP: 6/6
  3066 | D:4      | Found a staircase to the Ecumenical Temple.
  3192 | D:4      | 3192 ||| RIP SEWER
  3219 | D:4      | 3219 ||| PLANNING TEMPLE
  3219 | D:4      | 3219 ||| UPGRADING to +2 hat.
  3229 | D:4      | 3229 ||| DROPPING +1 hat.
  3230 | D:4      | 3230 ||| READING 4 scrolls labelled USTARGHA ID RIR.
  3231 | D:4      | 3231 ||| READING scroll labelled LOFIT IZERUROYH.
  3232 | D:4      | 3232 ||| READING scroll labelled UHEIKHL SAUM.
  3233 | D:4      | 3233 ||| DRINKING 2 emerald potions.
  3234 | D:4      | 3234 ||| DRINKING 2 grey potions.
  3235 | D:4      | 3235 ||| DROPPING 3 scrolls of amnesia.
  3282 | Temple   | Entered the Ecumenical Temple
  3444 | Temple   | 3444 ||| PLANNING OKAWARU WORSHIP
  3458 | Temple   | Became a worshipper of Warmaster Okawaru
  3459 | Temple   | 3459 ||| PLANNING D:1-11
  3512 | D:4      | 3512 ||| STAIRDANCE
  3513 | D:3      | Found an ancient bone altar of Kikubaaqudgha.
  3677 | D:4      | 3677 ||| Stepping ~*~*~tactically~*~*~ (water).
  3685 | D:4      | 3685 ||| DRINKING 2 glowing puce potions.
  3746 | D:5      | Entered Level 5 of the Dungeon
  3758 | D:5      | 3758 ||| STAIRDANCE
  3769 | D:4      | 3769 ||| FLEEEEING.
  3778 | D:4      | 3778 ||| STAIRDANCE
  3921 | D:5      | Noticed a water moccasin
  3927 | D:5      | Reached skill level 7 in Ranged Weapons
  3927 | D:5      | HP: 6/39 [water moccasin (7)]
  3928 | D:5      | 3928 ||| READING 3 scrolls of teleportation.
  3928 | D:5      | Slain by a water moccasin

Levels and vault maps discovered:
D:1:      ncdulo_smallfort, layout_basic
D:2:      layout_rooms, chequers_serial_rivers_room_a
D:3:      gammafunk_steamed_eel, layout_basic, amethyst_overflow_temple_binary,
          nicolae_overflow_hidden_temple, st_stairs_2
D:4:      layout_loops_ring, minmay_temple_entry_arrows, serial_aquarium,
          aquarium_bridge_square [aquarium_subvault_bridge,
          aquarium_subvault_bridge, aquarium_subvault_wall,
          aquarium_subvault_wall], aquarium_bridge_long_joined
          [aquarium_subvault_bridge, aquarium_subvault_wall,
          aquarium_subvault_bridge, aquarium_subvault_bridge,
          aquarium_subvault_bridge, aquarium_subvault_bridge],
          aquarium_window_fake, aquarium_window_1, aquarium_view_2a,
          aquarium_balcony_1b, portal_sewer_entry_f
D:5:      minmay_skewed_foursquare, layout_gridville, uniq_blork_the_orc
Temple:   bh_familiar_temple

Skill      XL: |  1  2  3  4  5  6 |
---------------+-------------------+-----
Armour         | 1 |  1.1
Ranged Weapons | 5 6 7 |  7.0
Fighting       | 3 4 |  4.6
Dodging        | |  1.5
Stealth        | |  1.1

Action                     |  1- 3 |  4- 6 || total
---------------------------+-------+-------++-------
   Fire: Shortbow          |    64 |   157 ||   221
    Use: Scroll            |     3 |     7 ||    10
         Potion            |       |     3 ||     3
 Armour: Leather armour    |     9 |       ||     9
         Ring mail         |       |    54 ||    54
  Dodge: Dodged            |     5 |    69 ||    74

Table legend:
 A = Non-vault XP
 B = Vault XP
 C = Vault XP percentage of total XP
 D = Non-vault monster count
 E = Vault monster count
 F = Vault count percentage of total count
                 A         B        C        D         E       F
            +---------+---------+-------+---------+---------+-------
      Total |     599 |      14 |   2.3 |      66 |       8 |  10.8
            +---------+---------+-------+---------+---------+-------
        D:1 |      38 |       0 |   0.0 |      19 |       0 |   0.0
        D:2 |     139 |       0 |   0.0 |      19 |       0 |   0.0
        D:3 |      17 |       2 |  10.5 |      10 |       2 |  16.7
        D:4 |     262 |      12 |   4.4 |      13 |       6 |  31.6
        D:5 |     143 |       0 |   0.0 |       5 |       0 |   0.0
            +---------+---------+-------+---------+---------+-------
